 Dungeon Crawl Stone Soup version 0.27.1-33-g824d729ab1 (webtiles) character file.

Game seed: 6062750192375420984

9657 Amplified the Spear-Bearer (level 11, -2/138 (139) HPs)
             Began as a Merfolk Gladiator on Dec 1, 2021.
             Was an Initiate of Gozag.
             Slain by a death scarab (5 damage)
             ... in a Gauntlet on Dec 22, 2021.
             The game lasted 00:18:42 (8641 turns).

Amplified the Spear-Bearer (Merfolk Gladiator)      Turns: 8641, Time: 00:18:44

HP:   -2/138 (139)  AC: 25    Str: 17    XL:     11   Next: 49%
MP:   11/11         EV:  2    Int:  7    God:    Gozag
Gold: 120           SH:  0    Dex: 17    Spells: 8/10 levels left

rFire    . . .     SeeInvis .   a - +4 trident (vamp)
rCold    + + .     Faith    .   (no shield)
rNeg     + + +     Spirit   .   (armour currently unavailable)
rPois    +         Reflect  .   (helmet currently unavailable)
rElec    +         Harm     .   (cloak currently unavailable)
rCorr    +         Rampage  .   (gloves currently unavailable)
Will     .....     NoTele   +   (boots currently unavailable)
Stlth    ++........             h - amulet of the acrobat
HPRegen  0.33/turn              j - +4 ring of evasion
MPRegen  0.12/turn              e - ring of ice

@: mighty, tree-form (expiring), resistant, hasted and slowed, lightly drained
A: stationary, stasis, torment immunity, boosted hp, (nimble swimmer 2),
(mertail)
a: Renounce Religion, Potion Petition, Call Merchant, Bribe Branch


You were in a Gauntlet.
You worshipped Gozag.
Gozag was aware of your devotion.
You were a tree.
You visited 1 branch of the dungeon, and saw 11 of its levels.
You also visited: Ossuary and Gauntlet.

You collected 1965 gold pieces.
You spent 747 gold pieces at shops.
You paid 1098 gold pieces to Gozag.

Inventory:

Hand Weapons
 a - a +4 vampiric trident (weapon)
Missiles
 v - 34 poisoned darts (quivered)
Armour
 c - a +2 helmet (melded)
 n - a +0 pair of boots of rampaging
 G - a +2 cloak of poison resistance (melded)
 H - a +2 ring mail of fire resistance (melded)
 I - a +0 pair of boots of stealth (melded)
 J - a +0 pair of gloves of dexterity (melded)
 M - a +0 pair of gloves of strength
Jewellery
 e - a ring of ice (right branch)
 h - an amulet of the acrobat (around neck)
 j - a +4 ring of evasion (left branch)
 l - a ring of ice
 x - a ring of flight
 z - a +6 ring of dexterity
Wands
 q - a wand of iceblast (7)
 C - a wand of polymorph (10)
 K - a wand of paralysis (7)
 L - a wand of mindburst (9)
Scrolls
 g - 3 scrolls of teleportation
 s - 4 scrolls of fear
 y - a scroll of immolation
 D - a scroll of holy word
 E - 2 scrolls of blinking
Potions
 f - 2 potions of flight
 i - 2 potions of lignification
 k - 2 potions of cancellation
 m - a potion of haste
 o - a potion of berserk rage {unknown}
 p - a potion of resistance {unknown}
 r - a potion of magic {unknown}
 t - 2 potions of attraction {unknown}
 u - 5 potions of mutation
 w - a potion of brilliance {unknown}
 A - a potion of degeneration {unknown}


   Skills:
 * Level 11.3 Fighting
 * Level 14.4 Polearms
 - Level 2.0 Throwing
 * Level 13.4 Dodging


You had 8 spell levels left.
You knew the following spells:

 Your Spells              Type           Power      Damage    Failure   Level
a - Poisonous Vapours     Pois/Air       0%         N/A       56%         2

Your spell library contained the following spells:

 Spells                   Type           Power      Damage    Failure   Level
 Foxfire                  Conj/Fire      0%         2x1d4     43%         1
 Sting                    Tmut/Pois      0%         1d3       43%         1
 Conjure Flame            Conj/Fire      0%         6-21      80%         3
 Inner Flame              Hex/Fire       0%         N/A       80%         3
 Olgreb's Toxic Radiance  Pois           0%         N/A       99%         4
 Blade Hands              Tmut           0%         N/A       100%        5
 Irradiate                Conj/Tmut      0%         3d13      100%        5
 Dragon Form              Tmut           0%         N/A       100%        7


Dungeon Overview and Level Annotations

Branches:
Dungeon (11/15)            Temple (0/1) D:5         Ossuary (visited)
Gauntlet (1/1)
   Lair: D:8-11         Orc: D:9-12

Altars:
Dithmenos
Gozag

Shops:
D:5 *   D:9 [

Annotations:
D:8 exclusion: ice statue Gauntlet 5 transporters


Innate Abilities, Weirdness & Mutations

You are a tree.
Your roots penetrate the ground, keeping you stationary.
You cannot be teleported.
You are immune to unholy pain and torment.
Your maximum health is greatly increased.
Your equipment is partially melded.
((You are quick and stealthy near water. (Stealth+, EV+, Speed+++)))
((Your lower body shifts to a powerful aquatic tail in water.))


Message History

You puncture the death scarab!
The death scarab is heavily damaged.
The death scarab bites you.
* * * LOW HITPOINT WARNING * * *
Unknown command.
Okay, then.
Okay, then.
Okay, then.
Okay, then.
Okay, then.
Aiming: Paralyse
Press: ? - help, Shift-Dir - straight line, f/p - death scarab
Aim: a death scarab (heavily damaged, chance to affect: 15%)
The death scarab resists with almost no effort.
The death scarab bites you.
* * * LOW HITPOINT WARNING * * *
The death scarab drains your vigour!
You feel as though you will be slow longer.
Aiming: Paralyse
Press: ? - help, Shift-Dir - straight line, f/p - death scarab
Aim: a death scarab (heavily damaged, chance to affect: 15%)
The death scarab resists with almost no effort.
The death scarab bites you.
* * * LOW HITPOINT WARNING * * *
The death scarab drains your vigour!
You feel as though you will be slow longer.
Unknown command.
Aiming: Paralyse
Press: ? - help, Shift-Dir - straight line, f/p - death scarab
Aim: a death scarab (heavily damaged, chance to affect: 15%)
The death scarab resists with almost no effort.
The death scarab completely misses you.
Aiming: Paralyse
Press: ? - help, Shift-Dir - straight line, f/p - death scarab
Aim: a death scarab (heavily damaged, chance to affect: 15%)
The death scarab resists with almost no effort.
Your transformation is almost over.
The death scarab bites you.
You die...
Your body crumbles into a pile of gold.

##.#©...#.8..##
##≈.#8..©#....≈##
#≈≈.#########.≈≈#
##≈.#...B..(#.≈##
##.#.####..#.##
##≈.#.#...#.#.≈##
#≈≈.#.#.©.#.#.≈≈#
##≈.#.#B..#.#.≈##
##.#.♣####.#.##
##≈.#.=.©.(.#.≈##
#≈≈.#########.≈≈#
##≈...........≈##
##...........##
##≈...........≈##
#≈≈≈#≈≈≈#≈≈≈#≈≈≈#
##≈###≈###≈###≈##
### ### ### ###


You could see a death scarab.

Vanquished Creatures
  2 two-headed ogres
  A death scarab (Gauntlet)
  A wretched star (Gauntlet)
  An ice statue (Gauntlet)
  2 centaur zombies (D:10)
  A rime drake (Gauntlet)
  An unseen horror (D:10)
  Maggie (D:8)
  A queen bee (Gauntlet)
  A troll (D:10)
  A spectral black mamba (Gauntlet)
  4 shadows (Gauntlet)
  A spectral komodo dragon (Gauntlet)
  A spectral cane toad (Gauntlet)
  Edmund (D:4)
  4 water moccasins
  Duvessa (D:7)
  4 black bears
  4 orc warriors
  2 ogres (D:4)
  5 centaurs
  2 kobold brigands
  3 bullfrogs
  2 scorpions
  A gnoll sergeant (D:6)
  A water moccasin skeleton (D:4)
  Dowan (D:7)
  A small abomination (Gauntlet)
  5 killer bees (Gauntlet)
  4 howler monkeys
  5 wights
  An orc priest (D:6)
  A centaur skeleton (D:7)
  A gnoll shaman (D:6)
  3 hounds
  Jessica (D:3)
  Ijyb (D:4)
  7 orc wizards
  2 killer bee zombies (D:7)
  2 hound skeletons
  3 mummies (Ossuary)
  Robin (D:4)
  2 howler monkey zombies
  A howler monkey skeleton (D:6)
  8 gnolls (D:6)
  8 adders
  A white imp (D:4)
  4 adder zombies (Ossuary)
  A worm (D:2)
  5 dart slugs
  40 orcs
  6 ball pythons
  2 bats
  4 endoplasms
  3 giant cockroaches
  A gnoll zombie (Ossuary)
  13 goblins
  9 hobgoblins
  5 jackals (D:3)
  20 kobolds
  2 quokkas
  3 frilled lizards
  2 goblin zombies (Ossuary)
  2 hobgoblin zombies (Ossuary)
  2 kobold zombies (Ossuary)
  5 quokka zombies (Ossuary)
  7 rats
  2 rat zombies (Ossuary)
246 creatures vanquished.

Vanquished Creatures (others)
  42 fungi (D:10)
  45 plants (D:10)
87 creatures vanquished.

Grand Total: 333 creatures vanquished

Notes
Turn   | Place    | Note
-------+----------+-------------------------------------------
     0 | D:1      | Amplified the Merfolk Gladiator began the quest for the
                  | Orb.
     0 | D:1      | Reached XP level 1. HP: 16/16 MP: 1/1
   170 | D:1      | Reached XP level 2. HP: 23/23 MP: 2/2
   411 | D:1      | Reached skill level 5 in Polearms
   423 | D:1      | Reached XP level 3. HP: 28/28 MP: 3/3
  1672 | D:2      | Reached XP level 4. HP: 33/35 MP: 4/4
  1698 | D:2      | Found a faded altar of an unknown god.
  1745 | D:2      | Found an opulent altar of Gozag.
  1757 | D:2      | Became a worshipper of Gozag Ym Sagoz the Greedy
  1797 | D:3      | Reached skill level 5 in Dodging
  2137 | D:3      | Noticed Jessica
  2145 | D:3      | Killed Jessica
  2146 | D:3      | Reached XP level 5. HP: 34/42 MP: 5/5
  2376 | D:4      | Reached skill level 6 in Polearms
  2463 | D:4      | Noticed an ogre
  2463 | D:4      | Noticed Edmund
  2481 | D:4      | Killed Edmund
  2482 | D:4      | Reached XP level 6. HP: 49/49 MP: 6/6
  2492 | D:4      | Reached skill level 7 in Polearms
  2671 | D:4      | Reached XP level 7. HP: 55/55 MP: 7/7
  2677 | D:4      | Reached skill level 5 in Fighting
  2820 | D:4      | Noticed Ijyb
  2829 | D:4      | Noticed Robin
  2866 | D:4      | Found a sand-covered staircase.
  2871 | Ossuary  | Entered an ossuary
  3235 | D:4      | Killed Robin
  3359 | D:4      | Reached skill level 8 in Polearms
  3400 | D:4      | Killed Ijyb
  3649 | D:5      | Entered Level 5 of the Dungeon
  3732 | D:5      | Reached XP level 8. HP: 64/64 MP: 8/8
  3834 | D:5      | Found Sughea's Overcharged Wands.
  3883 | D:5      | Found a staircase to the Ecumenical Temple.
  4196 | D:6      | Reached skill level 9 in Polearms
  4399 | D:6      | Identified the +5 mace of the Tiger {elec, *Slow Int+6}
  4694 | D:6      | Reached skill level 10 in Polearms
  5013 | D:7      | Reached XP level 9. HP: 72/72 MP: 9/9
  5137 | D:7      | Noticed Duvessa
  5139 | D:7      | Noticed Dowan
  5342 | D:7      | Killed Dowan
  5443 | D:7      | Paralysed by a centaur for 6 turns
  5463 | D:7      | Killed Duvessa
  5464 | D:7      | Reached skill level 10 in Dodging
  5950 | D:8      | Noticed an ice devil
  5954 | D:8      | Noticed an ice devil
  5954 | D:8      | Noticed an ice devil
  5954 | D:8      | Noticed an ice devil
  5955 | D:8      | Noticed an ice devil
  5956 | D:8      | Noticed an ice statue
  5956 | D:8      | Noticed an ice devil
  6049 | D:8      | Found a shadowy altar of Dithmenos.
  6105 | D:8      | Reached skill level 11 in Polearms
  6216 | D:8      | Noticed a two-headed ogre
  6227 | D:8      | Killed a two-headed ogre
  6379 | D:8      | Noticed Maggie
  6401 | D:8      | Killed Maggie
  6402 | D:8      | Reached XP level 10. HP: 83/83 MP: 10/10
  6679 | D:9      | Bought a +2 cloak of poison resistance for 333 gold pieces
  6679 | D:9      | Bought a +0 pair of boots of stealth for 207 gold pieces
  6679 | D:9      | Bought a +0 pair of gloves of dexterity for 207 gold pieces
  7015 | D:9      | Reached skill level 12 in Polearms
  7647 | D:10     | Entered Level 10 of the Dungeon
  7810 | D:10     | Noticed a two-headed ogre
  7821 | D:10     | Killed a two-headed ogre
  7822 | D:10     | Reached skill level 10 in Fighting
  7853 | D:10     | Reached skill level 13 in Polearms
  7983 | D:10     | Killed an unseen horror
  8016 | D:11     | Learned a level 2 spell: Poisonous Vapours
  8027 | D:11     | Found a gate leading to a gauntlet.
  8033 | Gauntlet | Entered a Gauntlet
  8033 | Gauntlet | Found a transporter.
  8040 | Gauntlet | Noticed an ice statue
  8046 | Gauntlet | Found a transporter.
  8047 | Gauntlet | Found a transporter.
  8053 | Gauntlet | Found a runed translucent door.
  8056 | Gauntlet | Found a transporter.
  8059 | Gauntlet | Found a transporter.
  8072 | Gauntlet | Found a transporter.
  8076 | Gauntlet | Found a transporter.
  8080 | Gauntlet | Found a transporter.
  8080 | Gauntlet | Noticed a wretched star
  8084 | Gauntlet | Found a transporter.
  8089 | Gauntlet | Noticed a death scarab
  8089 | Gauntlet | Noticed a death scarab
  8095 | Gauntlet | Found a transporter.
  8123 | Gauntlet | Found a transporter.
  8135 | Gauntlet | Found a transporter.
  8148 | Gauntlet | Found a transporter.
  8160 | Gauntlet | Found a transporter.
  8221 | Gauntlet | Reached XP level 11. HP: 92/92 MP: 11/11
  8379 | Gauntlet | Reached skill level 14 in Polearms
  8506 | Gauntlet | Killed a wretched star
  8585 | Gauntlet | Killed a death scarab
  8638 | Gauntlet | HP: 5/138 [death scarab (2)]
  8641 | Gauntlet | Slain by a death scarab

Illustrated notes

Levels and vault maps discovered:
D:1:      dpeg_arrival_brainrot, layout_rooms, minmay_misc_feat_secret_circle
D:2:      minmay_general_purpose_star, layout_basic, basic_altar,
          hellmonk_ecumenical_altar_inner_sanctum, kennysheep_generic_room_4
D:3:      layout_rooms, kennysheep_jessica_study
D:4:      layout_cave_pools, nicolae_ossuary_entry_ruins, uniq_robin, uniq_ijyb,
          uniq_edmund
D:5:      layout_rooms, minmay_temple_entry_glassed_door,
          nicolae_shop_overcharged_wands
D:6:      layout_basic
D:7:      layout_cave_pools, serial_bayou_crossing, uniq_duvessa
D:8:      cheibrodos_frozen_isle, layout_basic, nicolae_dithmenos_the_darkroom,
          uniq_maggie
D:9:      layout_basic
D:10:     layout_big_octagon, due_lair_maze_entry_diamond, enter_trove_3,
          kennysheep_generic_room_14, uniq_gastronok
D:11:     layout_basic, orc_david_3, gauntlet_entry_generic, onia_ninara_cookie
Gauntlet: gammafunk_gauntlet_77_escape_option
          [minmay_gauntlet_arena_77_block_sizes, minmay_gauntlet_arena_77_path,
          minmay_gauntlet_arena_77_two_lines, minmay_gauntlet_arena_77_mirror,
          minmay_gauntlet_arena_77_box, gauntlet_exit_watery]

Skill      XL: |  1  2  3  4  5  6  7  8  9 10 11 |
---------------+----------------------------------+-----
Polearms       | 5 6 7 8 10 11 13 14 | 14.4
Fighting       | 3 4 5 7 9 10 11 | 11.3
Dodging        | 5 6 7 9 11 12 13 | 13.4
Throwing       | |  2.0

Action                   |  1- 3 |  4- 6 |  7- 9 | 10-12 || total
-------------------------+-------+-------+-------+-------++-------
Melee: Trident           |   107 |   149 |   424 |   343 ||  1023
Throw: Throwing net      |       |     4 |     1 |     4 ||     9
Invok: Call Merchant     |       |       |       |     1 ||     1
       Potion Petition   |       |       |       |     2 ||     2
Evoke: Wand              |       |       |    11 |     8 ||    19
  Use: Scroll            |       |    11 |    10 |     3 ||    24
       Potion            |       |     1 |     8 |     9 ||    18
 Stab: Held in net/web   |       |     4 |     1 |       ||     5
       Distracted        |       |       |     7 |     4 ||    11
       Invisible         |       |       |       |     9 ||     9
       Sleeping          |       |       |       |     1 ||     1
Armor: Ring mail         |    22 |    30 |    68 |    44 ||   164
       Skin              |       |     1 |    14 |    12 ||    27
Dodge: Dodged            |    46 |    88 |   287 |   218 ||   639
